 Dungeon Sprint DCSS version 0.30-a0-778-g2ef04afb54 (webtiles) character file.

Game seed: 3722017132247330442

11 dialectric the Insei (level 2, -2/18 HPs)
             Began as an Octopode Transmuter on Feb 16, 2023.
             Slain by a phantom (8 damage)
             ... in the Dungeon (Sprint IX: "|||||||||||||||||||||||||||||").
             The game lasted 00:00:17 (38 turns).

dialectric the Insei (Octopode Transmuter)            Turns: 38, Time: 00:00:17

Health: -2/18      AC:  1    Str:  9    XL:     2   Next: 25%
Magic:  3/5        EV: 13    Int: 15    God:
Gold:   0          SH:  0    Dex: 12    Spells: 5/6 levels left

rFire   . . .      SeeInvis .      - Unarmed
rCold   . . .      Faith    .    (no shield)
rNeg    . . .      Spirit   .    (helmet restricted)
rPois   .          Reflect  .    (no amulet)
rElec   .          Harm     .    (no ring)
rCorr   .          Rampage  .    (no ring)
Will    .....      NoTele   +    (no ring)
Stlth   ++                       (no ring)
HPRegen 0.23/turn                (no ring)
MPRegen 0.09/turn                (no ring)
                                 (no ring)
                                 (no ring)

@: no status effects
A: almost no armour, amphibious, 8 rings, camouflage 1, gelatinous body 1,
(nimble swimmer 1), tentacles
a: no special abilities


You were in the Dungeon.
You visited 1 branch

Inventory:

Scrolls
 g - a scroll of blinking
Potions
 a - a potion of lignification
 b - a potion of curing
 c - a potion of heal wounds
 d - a potion of haste
 e - 2 potions of magic
 f - a potion of berserk rage


   Skills:
 + Level 1.0 Fighting
 + Level 2.7 Dodging
 * Level 4.2 Unarmed Combat
 + Level 2.8 Spellcasting
 + Level 2.2 Transmutations


You had 5 spell levels left.
You knew the following spells:

 Your Spells              Type           Power      Damage    Failure   Level
a - Beastly Appendage     Tmut           16%        N/A       9%          1

Your spell library contained the following spells:

 Spells                   Type           Power      Damage    Failure   Level
 Wereblood                Tmut           8%         N/A       12%         2
 Spider Form              Tmut/Pois      5%         N/A       36%         3
 Ice Form                 Ice/Tmut       5%         N/A       78%         4


Dungeon Overview and Level Annotations

Branches:
Dungeon (1/1)

Altars:


Innate Abilities, Weirdness & Mutations

You cannot wear most types of armour.
You are amphibious.
You can wear up to eight rings at the same time.
Your skin changes colour to match your surroundings (Stealth+).
Your rubbery body absorbs attacks. (AC +1, EV +1)
((You are camouflaged when in or above water. (Stealth+)))
You have tentacles for arms and can constrict up to eight enemies at once.


Message History

You tentacle-slap the orc but do no damage.
Your grab misses the orc.
You pierce the orc, but do no damage.
The orc closely misses you.
You tentacle-slap the orc but do no damage.
You grab the orc. Your squeeze misses the orc.
You constrict the orc, but do no damage.
The orc misses you.
You tentacle-slap the orc.
You pierce the orc.
You squeeze the orc.
You kill the orc!
Your transformation is almost over.
You have reached level 2!
You tentacle-slap the worm. You grab the worm.
You pierce the worm.
The worm is lightly wounded.
You constrict the worm, but do no damage.
The worm bites you but does no damage.
You tentacle-slap the worm.
You pierce the worm.
You squeeze the worm!
The worm is almost dead.
You constrict the worm.
You kill the worm!
Your Unarmed Combat skill increases to level 4!
You closely miss the phantom. The phantom hits you.
You closely miss the phantom. The phantom hits you.
You closely miss the phantom.
Your tentacle spike misses the phantom.
Your squeeze misses the phantom. The phantom closely misses you.
You barely miss the phantom.
Your tentacle spike misses the phantom.
The phantom closely misses you.
You closely miss the phantom.
Your tentacle spike misses the phantom.
The phantom barely misses you.
You closely miss the phantom. The phantom hits you.
You tentacle-slap the phantom.
The phantom is lightly damaged.
Your tentacle spike disappears.
The phantom barely misses you.
You tentacle-slap the phantom.
The phantom is moderately damaged.
The phantom hits you.
You closely miss the phantom.
The phantom is moderately damaged.
The phantom hits you!
You die... ▓▓▓▓▓▓▓▓▓▓▓▓▓▓▓▓▓▓ +..rsW@...).)...<▓ ▓▓▓▓▓▓▓▓▓▓▓▓▓▓▓▓▓▓

You could see a phantom, a scorpion and a quokka.

Vanquished Creatures
  A worm (D)
  An orc (D)
  2 goblins (D)
  A quokka (D)
  A bat (D)
  A rat (D)
7 creatures vanquished.

Notes
Turn   | Place    | Note
-------+----------+-------------------------------------------
     0 | D        | dialectric the Octopode Transmuter began the quest for the
                  | Orb.
     0 | D        | Reached XP level 1. HP: 13/13 MP: 3/3
    23 | D        | Noticed a scorpion
    23 | D        | Noticed a phantom
    28 | D        | Reached XP level 2. HP: 18/18 MP: 2/5
    30 | D        | Reached skill level 4 in Unarmed Combat
    38 | D        | Slain by a phantom

Illustrated notes

Levels and vault maps discovered:
D:        linesprint [early_d, line_temple, items_1, d_10, items_2, lair_1,
          lair_end, items_3, orc_1, orc_end, items_4, d_15, swamp_1, shoals_1,
          snake_1, spider_1, d_20, vaults_1, items_5, swamp_end, shoals_end,
          snake_end, spider_end, vaults_end, d_27, items_6, zot_1, zot_end,
          crypt_end, forest_end, elf_end, slime_end, tomb_end, abyss_end,
          pan_hell_end]

Skill      XL: |  1  2 |
---------------+-------+-----
Unarmed Combat | 4 |  4.2
Fighting       | |  1.0
Dodging        | |  2.7
Spellcasting   | |  2.8
Transmutations | |  2.2

Action                     || total
---------------------------++-------
  Melee: Unarmed           ||    25
         Kick              ||     9
         Constrict         ||     6
         Tentacles         ||     5
   Cast: Beastly Appendage ||     2
   Stab: Sleeping          ||     1
 Armour: Skin              ||     1
  Dodge: Dodged            ||    13

Table legend: (Time is in decaauts)
 A = Elapsed time spent in this place.
 B = Non-inter-level travel time spent in this place.
 C = Inter-level travel time spent in this place.
 D = Time resting spent in this place.
 E = Time spent auto-exploring this place.
 F = Levels seen in this place.
 G = Mean time per level.
                   A        B        C        D        E       F      G
               +--------+--------+--------+--------+--------+-----+--------+
         Total |     36 |     36 |      0 |      0 |      0 |   1 |   36.0 |
       Dungeon |     36 |     36 |      0 |      0 |      0 |   1 |   36.0 |
               +--------+--------+--------+--------+--------+-----+--------+

Top non-repeatable levels by time:
       D: 36 daAuts
